 Dungeon Crawl Stone Soup version 0.28-b1-25-g9875b3fc8c (webtiles) character file.

Game seed: 11355020524178140751

544035 packet the Warrior (level 27, -6/291 HPs)
             Began as a Formicid Venom Mage on Feb 2, 2022.
             Was a High Priest of Sif Muna.
             Mangled by a tentacled monstrosity (10 damage)
             ... on level 2 of the Realm of Zot on Feb 3, 2022.
             The game lasted 05:53:19 (84311 turns).

packet the Warrior (Formicid Venom Mage)           Turns: 84311, Time: 05:53:20

Health: -6/291     AC: 36    Str: 12 (14) XL:     27
Magic:  8/51       EV:  7    Int: 27      God:    Sif Muna [*****.]
Gold:   4702       SH: 24    Dex: 11      Spells: 4/56 levels left

rFire   + . .      SeeInvis +   a - staff of conjuration {!a}
rCold   + + +      Faith    +   W - +6 tower shield of Kesid {rC+ rN+ Will+}
rNeg    + + .      Spirit   .   (armour currently unavailable)
rPois   ∞          Reflect  .   (helmet unavailable)
rElec   +          Harm     .   I - +2 cloak "Haarapena" {Regen+ MP+9 Int-4}
rCorr   .          Rampage  .   (gloves currently unavailable)
Will    +++..                   (boots currently unavailable)
Stlth   ++++++....              n - amulet of faith {!P}
HPRegen 1.38/turn               U - ring of Rivimno {Contam rPois rC++ AC+4 Int+3}
MPRegen 0.32/turn               i - ring of protection from fire

@: statue-form, constricted, studying 2 skills, very slow
A: slow and powerful, torment resistance 1, boosted hp, permanent stasis, dig
shafts and tunnels, antennae 3, four strong arms
}: 3/15 runes: decaying, serpentine, silver
a: Dig, Shaft Self, End Transformation, Renounce Religion, Channel Magic, Forget
Spell, Divine Exegesis


You were on level 2 of the Realm of Zot.
You worshipped Sif Muna.
Sif Muna was extremely pleased with you.
You were a living statue of rough stone.
You visited 11 branches of the dungeon, and saw 49 of its levels.
You visited the Abyss 1 time.
You visited 1 bazaar.
You also visited: Sewer and Ice Cave.

You collected 8786 gold pieces.
You spent 4084 gold pieces at shops.


Innate Abilities, Weirdness & Mutations

You are a living statue of rough stone.
Your actions are slow, but your melee attacks are powerful.
You are resistant to unholy torment.
Your maximum health is greatly increased.
You are immune to poison.
Your equipment is partially melded.
You cannot be hasted, slowed, berserked, paralysed or teleported.
You can dig through walls and to a lower floor.
You have a pair of large antennae on your head. (SInv)
Your four strong arms can wield two-handed weapons with a shield.


   Skills:
 + Level 20.0 Fighting
 - Level 18.0 Axes
 - Level 2.0 Throwing
 - Level 12.0 Armour
 - Level 1.7 Dodging
 + Level 14.8 Stealth
 - Level 15.0 Shields
 - Level 15.0 Spellcasting
 - Level 16.0 Conjurations
 - Level 10.0 Hexes
 - Level 8.0 Translocations
 + Level 12.9 Transmutations
 - Level 10.0 Fire Magic
 - Level 10.0 Ice Magic
 - Level 7.0 Air Magic
 + Level 14.1 Earth Magic
 - Level 12.0 Poison Magic
 - Level 9.0 Invocations
 - Level 9.0 Evocations


You had 4 spell levels left.
You knew the following spells:

 Your Spells              Type           Power      Damage    Failure   Level
a - Stone Arrow           Conj/Erth      100%       3d13      1%          3
b - Iron Shot             Conj/Erth      50%        9d10      2%          6
c - Mephitic Cloud        Conj/Pois/Air  90%        N/A       1%          3
d - Olgreb's Toxic Radia  Pois           71%        N/A       1%          4
e - Ignite Poison         Fire/Tmut/Pois 70%        N/A       1%          3
f - Irradiate             Conj/Tmut      49%        3d30      1%          5
g - Yara's Violent Unrav  Hex/Tmut       35%        3d14      1%          5
h - Shock                 Conj/Air       100%       1d9       1%          1
i - Statue Form           Tmut/Erth      50%        N/A       4%          6
r - Fireball              Conj/Fire      47%        3d19      1%          5
s - Freezing Cloud        Conj/Ice/Air   44%        6-21      1%          5
w - Poisonous Vapours     Pois/Air       100%       N/A       1%          2
M - Passage of Golubria   Tloc           59%        N/A       2%          4

Your spell library contained the following spells:

 Spells                   Type           Power      Damage    Failure   Level
 Magic Dart               Conj           100%       1d8       0%          1
 Searing Ray              Conj           100%       2d8       0%          2
 Apportation              Tloc           100%       N/A       1%          1
 Beastly Appendage        Tmut           100%       N/A       1%          1
 Foxfire                  Conj/Fire      100%       2x1d9     1%          1
 Freeze                   Ice            100%       1d11      1%          1
 Sandblast                Erth           100%       2d20      1%          1
 Slow                     Hex            100%       N/A       1%          1
 Sting                    Tmut/Pois      100%       1d8       1%          1
 Ensorcelled Hibernation  Hex/Ice        100%       N/A       1%          2
 Passwall                 Tmut/Erth      62%        N/A       1%          2
 Scorch                   Fire           100%       2d10      1%          2
 Static Discharge         Conj/Air       89%        N/A       1%          2
 Wereblood                Tmut           74%        N/A       1%          2
 Confusing Touch          Hex            65%        N/A       1%          3
 Conjure Flame            Conj/Fire      94%        6-21      1%          3
 Dazzling Flash           Conj/Hex       100%       N/A       1%          3
 Frozen Ramparts          Ice            100%       1d12      1%          3
 Gell's Gravitas          Tloc           59%        N/A       1%          3
 Inner Flame              Hex/Fire       65%        N/A       1%          3
 Lesser Beckoning         Tloc           59%        N/A       1%          3
 Ozocubu's Armour         Ice            65%        N/A       1%          3
 Portal Projectile        Hex/Tloc       100%       N/A       1%          3
 Spider Form              Tmut/Pois      72%        N/A       1%          3
 Teleport Other           Tloc           59%        N/A       1%          3
 Tukima's Dance           Hex            65%        N/A       1%          3
 Cause Fear               Hex            32%        N/A       1%          4
 Flame Wave               Conj/Fire      94%        2d16      1%          4
 Fulminant Prism          Conj/Hex       47%        3d21      1%          4
 Hailstorm                Conj/Ice       94%        3d19      1%          4
 Ice Form                 Ice/Tmut       70%        N/A       1%          4
 Iskenderun's Mystic Bla  Conj/Tloc      91%        2d18      1%          4
 Leda's Liquefaction      Hex/Erth       35%        N/A       1%          4
 Petrify                  Tmut/Erth      75%        N/A       1%          4
 Sticky Flame             Conj/Fire      94%        2d10      1%          4
 Corpse Rot               Necr/Air       78%        N/A       2%          2
 Summon Guardian Golem    Hex/Summ       47%        N/A       2%          3
 Airstrike                Air            27%        N/A       3%          4
 Animate Armour           Summ/Erth      100%       N/A       3%          4
 Animate Skeleton         Necr           40%        N/A       7%          1
 Pain                     Necr           80%        1d8       7%          1
 Summon Small Mammal      Summ           80%        N/A       7%          1
 Anguish                  Hex/Necr       23%        N/A       9%          4
 Summon Ice Beast         Ice/Summ       47%        N/A       9%          4
 Call Imp                 Summ           20%        N/A       11%         2
 Sublimation of Blood     Necr           20%        N/A       11%         2
 Summon Lightning Spire   Summ/Air       39%        N/A       16%         4
 Call Canine Familiar     Summ           20%        N/A       21%         3
 Vampiric Draining        Necr           20%        2d7       21%         3
 Animate Dead             Necr           10%        N/A       56%         4
 Dispel Undead            Necr           20%        3d11      56%         4
 Alistair's Intoxication  Tmut/Pois      48%        N/A       1%          5
 Blade Hands              Tmut           37%        N/A       1%          5
 Iskenderun's Battlesphe  Conj           100%       2d15      1%          5
 Lee's Rapid Deconstruct  Erth           38%        3d20*     1%          5
 Lightning Bolt           Conj/Air       44%        1d64      1%          5
 Metabolic Englaciation   Hex/Ice        32%        N/A       3%          5
 Starburst                Conj/Fire      47%        6d13      4%          6
 Silence                  Hex/Air        30%        N/A       6%          5
 Eringya's Noxious Bog    Tmut/Pois      36%        N/A       6%          6
 Manifold Assault         Tloc           59%        N/A       7%          5
 Orb of Destruction       Conj           51%        9d13      9%          7
 Conjure Ball Lightning   Conj/Air       44%        3x3d15    10%         6
 Borgnjor's Vile Clutch   Necr/Erth      27%        N/A       11%         5
 Summon Mana Viper        Hex/Summ       47%        N/A       24%         5
 Dragon Form              Tmut           37%        N/A       30%         7
 Summon Forest            Summ/Tloc      20%        N/A       36%         5
 Dispersal                Tloc           29%        N/A       36%         6
 Enfeeble                 Hex            32%        N/A       67%         7
 Ozocubu's Refrigeration  Ice            32%        4d11      67%         7
 Lehudib's Crystal Spear  Conj/Erth      50%        10d12     67%         8
 Storm Form               Tmut/Air       32%        N/A       69%         7
 Simulacrum               Ice/Necr       23%        N/A       80%         6
 Agony                    Necr           20%        N/A       88%         5
 Excruciating Wounds      Necr           10%        N/A       88%         5
 Spellforged Servitor     Conj/Summ      38%        N/A       91%         7
 Death Channel            Necr           10%        N/A       100%        6
 Summon Cactus Giant      Summ           10%        N/A       100%        6
 Haunt                    Necr/Summ      10%        N/A       100%        7
 Malign Gateway           Summ/Tloc      20%        N/A       100%        7
 Monstrous Menagerie      Summ           10%        N/A       100%        7
 Summon Hydra             Summ           10%        N/A       100%        7
 Borgnjor's Revivificati  Necr           10%        N/A       100%        8
 Discord                  Hex            32%        N/A       100%        8
 Disjunction              Tloc           29%        N/A       100%        8
 Ignition                 Fire           32%        3d10      100%        8
 Infestation              Necr           10%        N/A       100%        8
 Maxwell's Capacitive Co  Air            27%        ∞         100%        8
 Necromutation            Tmut/Necr      26%        N/A       100%        8
 Summon Horrible Things   Summ           10%        N/A       100%        8
 Chain Lightning          Conj/Air       44%        3d59      100%        9
 Death's Door             Necr           10%        N/A       100%        9
 Dragon's Call            Summ           10%        N/A       100%        9
 Fire Storm               Conj/Fire      47%        8d12      100%        9
 Polar Vortex             Ice            32%        N/A       100%        9
 Shatter                  Erth           38%        3d30*     100%        9
 Blink                    Tloc           Unusable   N/A       N/A         2
 Swiftness                Air            Unusable   N/A       N/A         3

Inventory:

Hand Weapons
 b - the +8 frozen axe "Frostbite" {freezing cloud, *Noise Fly rC+}
   (You acquired it on level 3 of the Elven Halls)

   It freezes those it strikes, dealing additional cold damage.
   It can also slow down cold-blooded creatures.
   It occasionally leaves clouds of freezing vapour upon striking a foe.
   It grants immunity to clouds of freezing vapour.
   rC:        It protects you from cold.
   Fly:       It grants you flight.
   *Noise:    It may make noises in combat.
Missiles
 e - 20 silver javelins
 r - 9 curare-tipped darts {=f}
 w - 8 throwing nets {=f}
Armour
 y - a +2 pair of boots (melded)
 A - a +2 pair of gloves (melded)
 I - the +2 cloak "Haarapena" (worn) {Regen+ MP+9 Int-4}
   (You found it on level 4 of the Vaults)

   Int:       It affects your intelligence (-4).
   MP:        It affects your magic capacity (+9).
   Regen:     It increases your rate of health regeneration.
 K - the +3 leather armour of Anoden (melded) {rF+ Regen+}
   (You found it on level 3 of the Lair of Beasts)

   rF:        It protects you from fire.
   Regen:     It increases your rate of health regeneration.
 W - the +6 tower shield of Kesid (worn) {rC+ rN+ Will+}
   (You acquired it on level 2 of the Swamp)

   rC:        It protects you from cold.
   rN:        It protects you from negative energy.
   Will:      It increases your willpower.
Magical Staves
 a - a staff of conjuration (weapon) {!a}
Jewellery
 i - a ring of protection from fire (right fist)
 m - the ring of Xavvy {rN+ Int+2}
   (You found it in an ice cave)

   [ring of positive energy]

   Int:       It affects your intelligence (+2).
   rN:        It protects you from negative energy.
 n - an amulet of faith (around neck) {!P}
 s - a +4 ring of evasion
 L - a ring of poison resistance
 N - a ring of protection from cold
 U - the ring of Rivimno (left fist) {Contam rPois rC++ AC+4 Int+3}
   (You bought it in a shop on level 3 of the Snake Pit)

   [ring of protection]

   AC:        It affects your AC (+4).
   Int:       It affects your intelligence (+3).
   rC:        It greatly protects you from cold.
   rPois:     It protects you from poison.
   Contam:    It causes magical contamination when unequipped.
Wands
 j - a wand of charming (11)
 l - a wand of flame (92)
 p - a wand of digging (13)
 B - a wand of mindburst (8)
 C - a wand of iceblast (30) (quivered)
 J - a wand of paralysis (4)
 R - a wand of acid (16)
Scrolls
 c - 7 scrolls of fog
 f - 3 scrolls of holy word
 h - 2 scrolls of summoning
 o - 9 scrolls of amnesia
 u - 5 scrolls of magic mapping
 v - 9 scrolls of immolation
 z - 7 scrolls of fear
 F - a scroll of acquirement
 G - 25 scrolls of identify {@r1}
 Q - 9 scrolls of vulnerability
 Z - 2 scrolls of enchant armour
Potions
 d - 9 potions of heal wounds {@q2}
 k - 6 potions of mutation
 t - 12 potions of curing {@q1}
 D - 4 potions of magic
 E - a potion of brilliance
 H - 9 potions of flight
 S - 3 potions of ambrosia
 T - 6 potions of cancellation
 V - 6 potions of lignification
Miscellaneous
 g - a lightning rod (4/4)
 q - a box of beasts
 x - a phial of floods
 M - a condenser vane
 O - a phantom mirror

Dungeon Overview and Level Annotations

Branches:
Dungeon (15/15)            Temple (1/1) D:7            Lair (6/6) D:8
  Swamp (4/4) Lair:2        Snake (4/4) Lair:4        Slime (0/5) Lair:5
    Orc (2/2) D:9             Elf (3/3) Orc:2        Vaults (5/5) D:13
  Crypt (3/3) Vaults:3       Tomb (0/3) Crypt:3      Depths (4/4) D:15
    Zot (2/5) Depths:4      Sewer (visited)           IceCv (visited)

Altars:
Ashenzari
Cheibriados
Dithmenos
Elyvilon
Fedhas
Gozag
Hepliaklqana
Kikubaaqudgha
Makhleb
Nemelex Xobeh
Okawaru
Qazlal
Ru
Sif Muna
Trog
Uskayaw
Vehumet
Wu Jian
Xom
Yredelemnul
Zin
The Shining One
Beogh

Shops:
D:3 ?   D:4 :   D:6 ?*   D:7 [   Orc:2 [[([   Elf:2 [   Elf:3 :   Snake:2 **
Snake:3 =   Snake:4 :   Vaults:4 *   Vaults:5 =   Depths:3 =::

Portals:
Hell: Depths:1 Depths:2 Depths:3 Depths:4
Abyss: Depths:2 Depths:3
Pandemonium: Depths:2 Depths:4
Ziggurat: Depths:4

Annotations:
D:7 3 runed translucent doors, unlimited1921's ghost, amateur MiFi
Swamp:2 Roxanne
Elf:1 6 runed translucent doors
Zot:1 exclusion: downstairs

. ▓▓+ +▓▓ . ...▓
.$$+$$. .. ...▓
.$▓$. ...
▓...▓▓.▓.▓ ...▓
▓...▓.d.▓...▓ ▓.
▓.ddCyC...▓
▓$.▓▓.{▓8CC.▓
+($..yCXDX▓...$$
+▓▓..<.ydD..▓▓+
+=ey..▓.......
▓$.▓▓...<▓..▓▓.$
▓. d........▓ .
...▓...▓...
...▓▓.▓.▓▓...
...▓ $▓$d .


You could see a bone dragon, 2 tentacled monstrosities, a storm dragon, a black
draconian, 2 draconians, a green draconian, a purple draconian, 2 fire giants, a
stone giant, 2 ghost moths, 2 ettins, a deep elf sorcerer and 2 moths of wrath.


Message History

* * * LOW HITPOINT WARNING * * *
You feel weakened.
The ghost moth stings you but does no damage.
The yellow draconian hits you from afar with a +0 trident.
* * * LOW HITPOINT WARNING * * *
The ettin hits you with a +0 dire flail!!!
* * * LOW HITPOINT WARNING * * *
The ettin hits you with a +0 dire flail!!
* * * LOW HITPOINT WARNING * * *
Unknown command.
You feel much better.
You block the tentacled monstrosity's attack.
The tentacled monstrosity tentacle-slaps you but does no damage.
You block the tentacled monstrosity's attack.
The tentacled monstrosity constricts you.
* * * LOW HITPOINT WARNING * * *
You block the tentacled monstrosity's attack.
The tentacled monstrosity barely misses you.
The tentacled monstrosity tentacle-slaps you but does no damage.
You block the yellow draconian's attack.
The bone dragon completely misses you.
The bone dragon claws you but does no damage.
The bone dragon tramples you but does no damage.
The ettin barely misses you. The ettin closely misses you.
The fire giant hits you with a +2 great sword of flaming!!
* * * LOW HITPOINT WARNING * * *
The fire giant burns you.
* * * LOW HITPOINT WARNING * * *
The tentacled monstrosity tentacle-slaps you!
You die...

Skill      XL: |  1  2  3  4  5  6  7  8  9 10 11 12 13 14 15 16 17 18 19 20 21 22 23 24 25 26 27 |
---------------+----------------------------------------------------------------------------------+-----
Fighting       | 1 2 3 5 6 7 8 9 10 11 12 13 14 15 16 17 18 19 20 | 20.0
Transmutations | 2 3 7 10 11 12 | 12.9
Air Magic      | 1 2 3 4 5 6 7 |  7.0
Armour         | 1 2 4 5 6 7 8 9 10 11 12 | 12.0
Poison Magic   | 5 7 9 11 12 | 12.0
Throwing       | 1 2 |  2.0
Spellcasting   | 4 5 6 7 8 9 10 12 14 15 | 15.0
Conjurations   | 1 3 4 5 6 8 9 10 11 12 13 14 15 16 | 16.0
Hexes          | 1 3 5 6 8 9 10 | 10.0
Ice Magic      | 1 2 3 4 6 7 8 9 10 | 10.0
Invocations    | 1 3 5 7 8 9 |  9.0
Axes           | 10 12 13 16 18 | 18.0
Fire Magic     | 2 4 5 7 9 10 | 10.0
Shields        | 3 4 6 9 12 13 15 | 15.0
Earth Magic    | 6 7 9 11 12 13 14 | 14.1
Evocations     | 3 5 7 8 9 |  9.0
Translocations | 3 5 7 8 |  8.0
Stealth        | 6 9 12 14 | 14.8
Dodging        | |  1.7

Action                   |  1- 3 |  4- 6 |  7- 9 | 10-12 | 13-15 | 16-18 | 19-21 | 22-24 | 25-27 || total
-------------------------+-------+-------+-------+-------+-------+-------+-------+-------+-------++-------
Melee: Unarmed           |     6 |       |       |    21 |       |       |       |       |       ||    27
       Dagger            |       |    27 |    42 |    43 |       |       |       |       |       ||   112
       Punch             |       |     1 |       |       |       |       |       |       |       ||     1
       Broad axe         |       |       |       |    89 |   470 |   460 |   461 |   756 |     4 ||  2240
       Executioner's axe |       |       |       |       |       |       |       |       |   749 ||   749
       Staff             |       |       |       |       |       |       |       |       |     2 ||     2
Throw: Dart              |       |     3 |     1 |     2 |       |       |       |       |       ||     6
 Cast: Sting             |    45 |    52 |    32 |       |     7 |       |       |       |       ||   136
       Poisonous Vapours |     5 |    27 |    70 |    72 |    92 |    98 |    78 |    31 |     4 ||   477
       Shock             |       |       |   139 |   148 |    11 |    14 |     1 |       |       ||   313
       Mephitic Cloud    |       |       |     1 |     1 |    28 |    18 |    21 |    16 |     1 ||    86
       Olgreb's Toxic Ra |       |       |       |    43 |    55 |    33 |    56 |   129 |     9 ||   325
       Ensorcelled Hiber |       |       |       |     3 |       |       |       |       |       ||     3
       Ignite Poison     |       |       |       |       |    53 |    72 |    87 |    69 |     8 ||   289
       Freezing Cloud    |       |       |       |       |     8 |    15 |     4 |     4 |    19 ||    50
       Irradiate         |       |       |       |       |     7 |   140 |    77 |    64 |   127 ||   415
       Stone Arrow       |       |       |       |       |       |    75 |    98 |    42 |    85 ||   300
       Fireball          |       |       |       |       |       |     5 |    11 |     5 |       ||    21
       Yara's Violent Un |       |       |       |       |       |       |    20 |    11 |    18 ||    49
       Iron Shot         |       |       |       |       |       |       |       |    97 |   455 ||   552
       Statue Form       |       |       |       |       |       |       |       |       |    27 ||    27
Invok: Channel Magic     |       |       |       |       |     2 |     2 |       |     4 |    13 ||    21
 Abil: Shaft Self        |       |       |       |     1 |       |       |       |       |       ||     1
       Dig               |       |       |       |       |       |     1 |     3 |       |       ||     4
Evoke: Wand              |       |       |       |    14 |     6 |    12 |       |     6 |     5 ||    43
       Condenser vane    |       |       |       |       |       |     2 |       |     1 |       ||     3
       Phantom mirror    |       |       |       |       |       |     2 |       |       |       ||     2
       Box of beasts     |       |       |       |       |       |     1 |       |       |       ||     1
       Lightning rod     |       |       |       |       |       |     1 |       |       |       ||     1
  Use: Scroll            |       |     6 |     9 |     6 |     8 |     5 |     4 |     3 |     4 ||    45
       Potion            |       |       |       |     5 |       |     7 |     1 |     4 |    21 ||    38
 Stab: Sleeping          |       |       |       |     1 |     2 |     2 |       |     8 |     3 ||    16
       Distracted        |       |       |       |       |     1 |       |     1 |       |     2 ||     4
       Confused          |       |       |       |       |       |       |     5 |     2 |       ||     7
Armor: Robe              |     4 |       |       |       |       |       |       |       |       ||     4
       Ring mail         |     6 |    17 |    44 |    84 |       |       |       |       |       ||   151
       Skin              |       |       |       |    17 |       |       |       |       |   177 ||   194
       Leather armour    |       |       |       |    38 |   188 |   264 |   175 |   297 |   421 ||  1383
Dodge: Dodged            |    14 |    26 |    92 |   197 |   341 |   341 |   181 |   246 |   415 ||  1853
       Repelled          |       |       |       |       |       |     1 |       |       |       ||     1
Block: Buckler           |       |       |       |     6 |   101 |    87 |       |       |       ||   194
       Tower shield      |       |       |       |       |       |   202 |   685 |  1081 |  1555 ||  3523

Levels and vault maps discovered:
D:1:      lightli_arrival_boilingwater, layout_loops_corners, moated_statue
D:2:      layout_basic, bh_walls_and_bars
D:3:      layout_loops_ring, serial_shops, shop, nicolae_figureground_sparkle
D:4:      layout_basic, serial_shops, shop, minmay_misc_feat_secret_circle,
          uniq_pikel
D:5:      layout_loops_ring, solitary_fountain, hangedman_decor_lopped,
          minmay_manual_monstrance, uniq_edmund
D:6:      layout_cave_pods, serial_shops, nicolae_shop_stone,
          cheibrodos_sewer_entry_drain, chequers_serial_rivers_micro_c,
          nicolae_alphabet_shops, hangedman_glass_teeth, minmay_misc_feat_tower,
          hangedman_abyss_or_decor_stabs
D:7:      layout_loops_ring, minmay_temple_entry_crystal_x, serial_shops,
          nicolae_take_the_stairs, ebering_ghost_gozag
D:8:      layout_loops_ring, dpeg_oklobed_lair, minmay_misc_feat_ornament,
          uniq_erica
D:9:      layout_loops_corners, mainiacjoe_overflow_six_doors_small,
          minmay_orc_entry_guard_dogs
D:10:     layout_long_grid
D:11:     dreamdust_isle_of_ice, layout_grid_maze, uniq_psyche, uniq_josephine
D:12:     layout_basic
D:13:     layout_loops_cross, grunt_vaults_entry_tiered, corexii_checkpoint_b,
          hangedman_feature_mirror
D:14:     layout_irregular_city, grunt_decor_clamped, uniq_snorg, uniq_kirke
D:15:     gammafunk_depths_entry_grave, layout_stronghold
Temple:   kilobyte_greek_temple
Lair:1:   layout_chaotic_city, basic_altar, uniq_urug
Lair:2:   layout_regular_city, swamp_mist_pool
Lair:3:   layout_loops_ring, lemuel_fruit_tree, uniq_fannar
Lair:4:   layout_loops_ring, minmay_snake_entry_six_corridors, basic_altar
Lair:5:   layout_roguey, nicolae_slime_entry_slimehenge, basic_altar,
          infiniplex_staircase_pool
Lair:6:   gammafunk_lair_ancient_temple, layout_loops_ring,
          gauntlet_entry_generic, serial_bayou_crossing, serial_bayou_shore_b,
          serial_bayou_shore_b
Swamp:1:  layout_falls_marsh, nicolae_swamp_fairy_circle
Swamp:2:  layout_basic_swamp, ebering_ghost_rock_garden, basic_altar,
          st_swamp_ruins_4, uniq_roxanne
Swamp:3:  layout_basic_swamp, evilmike_swamp_ruin_house_4
Swamp:4:  swamp_old_school, layout_basic_swamp,
          nicolae_swamp_feature_on_the_river_bank, uniq_mlioglotl
Snake:1:  layout_chambers, basic_altar
Snake:2:  layout_basic, serial_shops, nicolae_stop_n_shop_1,
          nicolae_shop_advertising_works [nicolae_subvault_shop_adworks],
          abandoned_shop, grunt_ministairs_6
Snake:3:  layout_chambers, minmay_shop_enchanted_jewellery,
          nicolae_snake_horde_hoard, uniq_vashnia
Snake:4:  minmay_snake_end_coiled, layout_gridlike, minmay_shop_star
Orc:1:    layout_caves, basic_altar, mines5_lemuel
Orc:2:    grunt_orc_community_town_hall, layout_diamond_mine,
          grunt_orc_community_big_house_1, grunt_orc_community_big_house_2,
          grunt_orc_community_house_3, grunt_orc_community_house_1,
          grunt_orc_community_house_1, grunt_orc_community_house_2,
          grunt_orc_community_house_2, grunt_orc_community_house_1
Elf:1:    layout_onion_city, serial_co_window_serial, co_window_paths_a,
          co_window_cross_1, co_window_of_opportunity_a, co_window_paths_a,
          co_window_paths_b, co_window_paths_b, co_window_of_opportunity_a,
          co_window_broadway_a, orc_legates, grunt_ministairs_4
Elf:2:    elven_hall_of_blades_hangedman_original
          [nicolae_blade_entry_crossed_weapons], layout_gridlike, serial_shops,
          shop_statue, nicolae_elf_crossing_hall
Elf:3:    minmay_elf_hall_x, layout_gridlike,
          portal_ice_cave_entry_pillars_four, basic_altar, serial_shops,
          nicolae_shop_trees
Vaults:1: v_misc_28, nicolae_vaults_mini_display_case, hangedman_vaults_maws,
          hangedman_vaults_maws, layout_vaults_omnigrid
Vaults:2: vaults_room_corners, v_misc_33, nicolae_vaults_little_squares_3,
          st_eye, nicolae_vaults_little_squares_4, ontoclasm_vaults_ring_small,
          vaults_room_pool, vaults_room_ringed_pool, hangedman_vaults_nails,
          nicolae_vaults_little_squares_3, nicolae_vaults_little_squares_6,
          nicolae_vaults_border_crossing, grunt_vaults_hallway_long,
          nicolae_vaults_little_squares_6, layout_vaults_chaotic_city
Vaults:3: hangedman_vaults_impose, vaults_room_fancy_cross,
          minmay_crypt_entry_simple_statues, v_misc_15,
          vaults_dpeg_encased_lava, v_misc_29, v_alt_pattern_1,
          ontoclasm_vaults_ring_square, ontoclasm_vaults_ring_small,
          vaults_room_pool, vaults_room_semicircle, grunt_vaults_funnel,
          nicolae_vaults_circle_grid_b, v_pattern_5, layout_vaults_ring
Vaults:4: vaults_room_large_hall, nicolae_vaults_little_squares_1,
          vaults_room_grid, nicolae_vaults_network_barrier, serial_ice_g,
          vaults_mumra_minichess, vaults_room_fours, hangedman_vaults_capsules,
          nicolae_vaults_back_hallway, nicolae_vaults_little_squares_3,
          ontoclasm_vaults_eye, nicolae_vaults_little_squares_3, v_misc_11,
          nicolae_vaults_hallways_thing, ontoclasm_vaults_misaligned,
          vaults_room_stairs_pillars, layout_vaults_maze_bifur, serial_shops,
          nicolae_shop_stone
Vaults:5: serial_shops, uniq_margery
Crypt:1:  cheibrodos_crypt_eye_of_stone, layout_gridlike, grunt_ministairs_1,
          grunt_megastairs_4
Crypt:2:  layout_rooms
Crypt:3:  quadcrypt_mu
Depths:1: layout_gridlike, serial_shops, bzr_in_the_mist, hellmouth_1,
          corexii_corridor_pit, minmay_protected_statue
Depths:2: minmay_imperfect_grid, layout_small_grid, lemuel_statue_altar,
          abyss_entry, rand_demon_pan_entry_7, hell_entry,
          cheibrodos_ashenzari_chains, serial_bayou_shore_b
Depths:3: kennysheep_cluttered_fort, layout_basic, nicolae_uskayaw_suspiria,
          abyss_entry, hell_entry, nicolae_danse_macabre,
          infiniplex_staircase_pillars_1, minmay_shop_grove
Depths:4: grunt_zot_entry_gee_three, layout_cave_shapes, enter_ziggurat_d,
          hell_entry, elyvilon_altar_3, rand_demon_pan_entry_5, zin_angel,
          serial_bayou_shore_b
Zot:1:    layout_concentric_octagons, st_single_dragon_hoard_3, st_stairs_2
Zot:2:    hangedman_zot_vaults_quadrants, layout_onion, grunt_ministairs_8,
          st_small_dragon_hoard_3

Notes
Turn   | Place    | Note
-------+----------+-------------------------------------------
     0 | D:1      | packet the Formicid Venom Mage began the quest for the Orb.
     0 | D:1      | Reached XP level 1. HP: 13/13 MP: 3/3
   186 | D:1      | Reached XP level 2. HP: 20/20 MP: 1/5
   193 | D:1      | Learned a level 2 spell: Poisonous Vapours
   403 | D:1      | Reached skill level 1 in Fighting
   610 | D:1      | Reached XP level 3. HP: 8/26 MP: 2/6
  1279 | D:1      | Reached skill level 2 in Transmutations
  1738 | D:2      | Reached XP level 4. HP: 32/32 MP: 3/7
  1799 | D:2      | Reached skill level 1 in Air Magic
  2641 | D:3      | Reached skill level 1 in Armour
  2770 | D:3      | Found Zetefea's Magic Scroll Emporium.
  2834 | D:3      | Reached skill level 2 in Fighting
  2956 | D:3      | Reached XP level 5. HP: 35/38 MP: 3/8
  3660 | D:4      | Identified the +4 broad axe of Demand {freeze, Fragile
                  | rPois Str+3 Int+3}
  3692 | D:4      | Found Fidon's Book Emporium.
  3789 | D:4      | Reached skill level 5 in Poison Magic
  3793 | D:4      | Noticed an ogre
  3799 | D:4      | Killed an ogre
  3800 | D:4      | Reached skill level 1 in Throwing
  3800 | D:4      | Reached XP level 6. HP: 46/46 MP: 0/10
  3886 | D:4      | Reached skill level 2 in Armour
  3886 | D:4      | Reached skill level 3 in Spellcasting
  4436 | D:4      | Learned a level 4 spell: Olgreb's Toxic Radiance
  4501 | D:4      | Noticed Pikel
  4521 | D:4      | Killed Pikel
  4522 | D:4      | Reached skill level 3 in Fighting
  4522 | D:4      | Reached skill level 2 in Throwing
  4522 | D:4      | Reached skill level 4 in Spellcasting
  4522 | D:4      | Reached skill level 2 in Air Magic
  4522 | D:4      | Reached skill level 7 in Poison Magic
  4522 | D:4      | Reached XP level 7. HP: 52/53 MP: 0/13
  4522 | D:4      | Reached XP level 8. HP: 59/60 MP: 0/14
  4667 | D:4      | Reached skill level 4 in Fighting
  4780 | D:4      | Reached skill level 8 in Poison Magic
  5192 | D:5      | Entered Level 5 of the Dungeon
  5311 | D:5      | Reached skill level 1 in Conjurations
  5521 | D:5      | Reached skill level 9 in Poison Magic
  5693 | D:5      | Noticed an unseen horror
  5703 | D:5      | Killed an unseen horror
  5704 | D:5      | Reached skill level 5 in Fighting
  5704 | D:5      | Reached XP level 9. HP: 54/68 MP: 7/16
  5708 | D:5      | Learned a level 3 spell: Mephitic Cloud
  5710 | D:5      | Learned a level 1 spell: Shock
  5787 | D:5      | Reached skill level 2 in Conjurations
  5902 | D:5      | Reached skill level 3 in Air Magic
  6253 | D:5      | Reached skill level 5 in Spellcasting
  6440 | D:5      | Reached skill level 10 in Poison Magic
  6784 | D:6      | Found a glowing drain.
  6808 | Sewer    | Entered a sewer
  7884 | D:6      | Found Cunad's Magic Scroll Shop.
  7892 | D:6      | Bought a scroll of fear for 45 gold pieces
  7907 | D:6      | Found Lapsois's Luxury Loot.
  7917 | D:6      | Bought a potion of lignification for 36 gold pieces
  8132 | D:6      | Identified the +0 ring mail of Parts Unknown {rN+ Will+
                  | Str+2 Dex-4}
  8504 | D:7      | Found a staircase to the Ecumenical Temple.
  8516 | Temple   | Entered the Ecumenical Temple
  8600 | Temple   | Became a worshipper of Sif Muna the Loreminder
  8708 | D:7      | Reached skill level 3 in Conjurations
  8832 | D:7      | Found Appu's Armour Shop.
  8844 | D:7      | Found a runed translucent gate.
  8845 | D:7      | Found a runed translucent gate.
  8845 | D:7      | Found a runed translucent gate.
  8846 | D:7      | Found an opulent altar of Gozag.
  8847 | D:7      | Noticed unlimited1921's ghost (amateur MiFi)
  8847 | D:7      | Noticed a manticore
  9408 | D:7      | Reached skill level 6 in Fighting
  9893 | D:7      | Reached skill level 11 in Poison Magic
  9893 | D:7      | Reached XP level 10. HP: 76/76 MP: 5/18
 10041 | D:8      | Reached skill level 3 in Armour
 10128 | D:8      | Noticed Erica
 10147 | D:8      | Killed Erica
 10148 | D:8      | Reached skill level 6 in Spellcasting
 10292 | D:8      | Reached skill level 4 in Conjurations
 10686 | D:8      | Found a staircase to the Lair.
 10761 | D:8      | Reached * piety under Sif Muna
 10930 | D:8      | Noticed a two-headed ogre
 10977 | D:8      | Killed a two-headed ogre
 10978 | D:8      | Reached skill level 7 in Fighting
 10978 | D:8      | Reached skill level 4 in Armour
 10978 | D:8      | Reached skill level 4 in Air Magic
 10978 | D:8      | Reached skill level 12 in Poison Magic
 10981 | D:8      | Learned a level 2 spell: Ensorcelled Hibernation
 11846 | D:9      | Reached skill level 1 in Hexes
 11874 | D:9      | Found a staircase to the Orcish Mines.
 11906 | D:9      | Reached skill level 1 in Ice Magic
 11920 | D:9      | Reached skill level 1 in Invocations
 11920 | D:9      | Reached XP level 11. HP: 32/86 MP: 9/20
 12512 | D:9      | Found a white marble altar of Elyvilon.
 12713 | D:10     | Entered Level 10 of the Dungeon
 12718 | D:10     | Reached skill level 2 in Hexes
 13109 | D:10     | Reached skill level 8 in Fighting
 13161 | D:10     | Reached skill level 2 in Invocations
 13166 | D:10     | Reached skill level 2 in Ice Magic
 13691 | D:10     | Reached skill level 5 in Armour
 13691 | D:10     | Reached skill level 5 in Conjurations
 13691 | D:10     | Reached skill level 3 in Hexes
 13956 | Lair:1   | Entered Level 1 of the Lair of Beasts
 13964 | Lair:1   | Reached ** piety under Sif Muna
 13965 | Lair:1   | Reached skill level 3 in Invocations
 14333 | D:11     | Reached skill level 1 in Axes
 14394 | D:11     | Reached skill level 2 in Axes
 14434 | D:11     | Noticed Josephine
 14434 | D:11     | Noticed Psyche
 14447 | D:11     | Killed Psyche
 14448 | D:11     | Reached skill level 3 in Axes
 14457 | D:11     | Killed Josephine
 14458 | D:11     | Reached skill level 5 in Axes
 14768 | D:11     | Reached skill level 6 in Axes
 15015 | D:11     | Reached skill level 7 in Axes
 15110 | D:11     | Noticed a cyclops
 15130 | D:11     | Killed a cyclops
 15131 | D:11     | Reached skill level 8 in Axes
 15357 | D:6      | Bought the +7 leather armour "Qeckih" {Rampage Regen+} for
                  | 528 gold pieces
 15506 | Lair:1   | Noticed Urug
 15533 | Lair:1   | Killed Urug
 15534 | Lair:1   | Reached skill level 9 in Axes
 15643 | Lair:1   | Reached skill level 10 in Axes
 15643 | Lair:1   | Reached XP level 12. HP: 42/93 MP: 16/21
 15832 | Lair:1   | Noticed a five-headed hydra
 15840 | Lair:1   | Killed a five-headed hydra
 15891 | Lair:1   | Reached skill level 11 in Axes
 15901 | Lair:1   | Found a shimmering altar of Xom.
 15964 | Lair:1   | Noticed an eight-headed hydra
 16054 | Lair:1   | Noticed a six-headed hydra
 16064 | Lair:1   | You fall into a shaft and drop 1 floor!
 16101 | Lair:2   | Reached skill level 12 in Axes
 16182 | Lair:2   | Reached skill level 4 in Hexes
 16185 | Lair:2   | Reached skill level 3 in Ice Magic
 16691 | D:11     | Noticed a two-headed ogre
 16718 | D:11     | Killed a two-headed ogre
 16719 | D:11     | Reached skill level 1 in Fire Magic
 16785 | D:11     | Noticed a two-headed ogre
 16808 | D:11     | Killed a two-headed ogre
 16809 | D:11     | Reached skill level 4 in Invocations
 17276 | D:11     | Reached skill level 9 in Fighting
 17514 | D:12     | Noticed a two-headed ogre
 17530 | D:12     | Noticed a two-headed ogre
 17534 | D:12     | Killed a two-headed ogre
 17535 | D:12     | Reached skill level 1 in Shields
 17535 | D:12     | Reached skill level 5 in Hexes
 17535 | D:12     | Reached skill level 2 in Fire Magic
 17563 | D:12     | Killed a two-headed ogre
 17564 | D:12     | Reached skill level 2 in Shields
 17676 | D:12     | Noticed a boulder beetle
 17691 | D:12     | Killed a boulder beetle
 17692 | D:12     | Reached skill level 6 in Armour
 17735 | D:12     | Noticed a boulder beetle
 17751 | D:12     | Killed a boulder beetle
 17752 | D:12     | Reached skill level 3 in Shields
 17793 | D:12     | Identified the +0 scale mail of Impressiveness {Will+
                  | Dex+2}
 17829 | D:12     | Reached skill level 5 in Invocations
 17829 | D:12     | Reached XP level 13. HP: 101/101 MP: 14/22
 17859 | D:12     | Reached skill level 4 in Shields
 17859 | D:12     | Reached skill level 3 in Fire Magic
 17994 | D:12     | Noticed a four-headed hydra
 18188 | Orc:1    | Entered Level 1 of the Orcish Mines
 18518 | Orc:2    | Entered Level 2 of the Orcish Mines
 18527 | Orc:2    | Reached skill level 6 in Hexes
 18528 | Orc:2    | Reached *** piety under Sif Muna
 18535 | Orc:2    | Found a staircase to the Elven Halls.
 18776 | Orc:2    | Found Tekycit's Antique Armour Boutique.
 18977 | Orc:2    | Reached skill level 6 in Invocations
 18979 | Orc:2    | Reached **** piety under Sif Muna
 19151 | D:4      | Bought a Trismegistus Codex for 364 gold pieces
 19155 | D:4      | Learned a level 3 spell: Ignite Poison
 19161 | D:4      | Learned a level 5 spell: Freezing Cloud
 19280 | Lair:1   | Reached skill level 10 in Fighting
 19295 | Lair:1   | Reached skill level 4 in Fire Magic
 19586 | Lair:1   | Killed a ten-headed hydra
 19909 | Lair:1   | Killed a nine-headed hydra
 20017 | Lair:2   | Reached skill level 4 in Ice Magic
 20026 | Lair:2   | Reached skill level 7 in Spellcasting
 20139 | Lair:2   | Found a staircase to the Swamp.
 20159 | Lair:2   | Reached skill level 7 in Invocations
 20252 | Lair:2   | Identified a scroll of acquirement
 20253 | Lair:2   | Acquired the Tome of Confrontation
 20261 | Lair:2   | Learned a level 5 spell: Irradiate
 20472 | Lair:2   | Noticed a four-headed hydra
 20488 | Lair:2   | Killed a seven-headed hydra
 20488 | Lair:2   | Reached ***** piety under Sif Muna
 20488 | Lair:2   | Received a gift from Sif Muna
 20489 | Lair:2   | Got Paqedghe's Collected Works on Curses {god gift}
 20865 | Lair:3   | Noticed Fannar
 20868 | Lair:3   | Killed Fannar
 20879 | Lair:3   | Reached skill level 3 in Transmutations
 21053 | Lair:3   | Reached skill level 6 in Conjurations
 21089 | Lair:3   | Identified the +3 leather armour of Anoden {rF+ Regen+}
 21656 | Lair:4   | Noticed a four-headed hydra
 21664 | Lair:4   | Killed a six-headed hydra
 21677 | Lair:4   | Reached XP level 14. HP: 111/111 MP: 19/24
 21746 | Lair:4   | Reached skill level 5 in Fire Magic
 21838 | Lair:4   | Reached skill level 4 in Transmutations
 21884 | Lair:4   | Found a glowing golden altar of the Shining One.
 22134 | Lair:4   | Found a staircase to the Snake Pit.
 22252 | Lair:4   | Reached skill level 5 in Ice Magic
 22525 | Lair:4   | Reached skill level 5 in Transmutations
 22692 | Lair:5   | Reached skill level 8 in Invocations
 22853 | Lair:5   | Reached skill level 7 in Conjurations
 23048 | Lair:5   | Found a staircase to the Slime Pits.
 23172 | Lair:5   | Found a glowing golden altar of the Shining One.
 23387 | Lair:6   | Entered Level 6 of the Lair of Beasts
 23398 | Lair:5   | Received a gift from Sif Muna
 23401 | Lair:5   | Reached skill level 11 in Fighting
 23406 | Lair:5   | Got Kutimism's Compendium of Harmful Weightlessness {god
                  | gift}
 23439 | Lair:6   | Reached skill level 6 in Transmutations
 23599 | Lair:6   | Reached skill level 8 in Conjurations
 23599 | Lair:6   | Reached skill level 7 in Transmutations
 23616 | Lair:6   | Reached skill level 6 in Ice Magic
 23625 | Lair:6   | Reached XP level 15. HP: 106/119 MP: 13/25
 23628 | Lair:6   | Reached skill level 9 in Invocations
 23808 | Lair:6   | Reached skill level 8 in Transmutations
 23841 | Lair:6   | Found a gate leading to a gauntlet.
 24460 | Lair:6   | Got the Compendium of Heat
 24869 | D:12     | Reached skill level 9 in Conjurations
 25653 | D:13     | Found a shimmering blue altar of Sif Muna.
 25739 | D:13     | Received a gift from Sif Muna
 25740 | D:13     | Reached skill level 12 in Fighting
 25740 | D:13     | Reached skill level 9 in Transmutations
 25741 | D:13     | Reached skill level 7 in Ice Magic
 25755 | D:13     | Got Sif Muna's Handbook of Enchanting Attacks {god gift}
 25947 | D:13     | Found a gate to the Vaults.
 26720 | D:13     | Found a sacrificial altar of Ru.
 27212 | D:14     | Identified the +3 trident of the Whale {elec, Dex+4}
 27246 | D:14     | Noticed Snorg
 27253 | D:14     | Killed Snorg
 27464 | D:14     | Reached skill level 10 in Transmutations
 27464 | D:14     | Reached XP level 16. HP: 103/128 MP: 18/26
 27551 | D:14     | Reached skill level 10 in Conjurations
 27643 | D:14     | You fall into a shaft and drop 1 floor!
 27643 | D:15     | Entered Level 15 of the Dungeon
 27771 | D:15     | Received a gift from Sif Muna
 27775 | D:15     | Got Sif Muna's Grimoire of the Mutagenic Glacier {god gift}
 28287 | D:15     | Found a staircase to the Depths.
 28545 | D:15     | Reached skill level 8 in Ice Magic
 28545 | D:15     | Reached skill level 5 in Air Magic
 29337 | D:15     | Reached skill level 8 in Spellcasting
 30061 | Orc:2    | Received a gift from Sif Muna
 30066 | Orc:2    | Got Sif Muna's Collected Works on Transmigration and Heat
                  | {god gift}
 30219 | Orc:2    | Noticed Saint Roka
 30231 | Orc:2    | Killed Saint Roka
 30232 | Orc:2    | Reached skill level 13 in Fighting
 30526 | Orc:2    | Found Qefireuvo's Antique Armour Boutique.
 30829 | Orc:2    | Found Berahula's Antique Armour Shop.
 30833 | Orc:2    | Found Ibudemef's Antique Weapon Boutique.
 31059 | Orc:2    | Bought a faintly humming ring mail for 270 gold pieces
 31059 | Orc:2    | Identified the +3 ring mail of the Worm {Harm Int-3 Dex+9
                  | Stlth+} (You bought it in a shop on level 2 of the Orcish
                  | Mines)
 31093 | Orc:1    | Found a bloodstained altar of Trog.
 31457 | Orc:2    | Learned a level 3 spell: Stone Arrow
 31645 | Snake:1  | Entered Level 1 of the Snake Pit
 31690 | Snake:1  | Reached skill level 11 in Transmutations
 31782 | Snake:1  | Identified the +3 scale mail of the Stag {+Inv}
 31831 | Snake:1  | Found an ornate altar of the Wu Jian Council.
 32934 | Snake:2  | Found Louwe's Assorted Antiques.
 32938 | Snake:2  | Reached XP level 17. HP: 107/137 MP: 18/29
 33034 | Snake:2  | Found Kunocw's Assorted Antiques.
 33109 | Snake:2  | Reached skill level 6 in Air Magic
 33326 | Snake:2  | Reached skill level 9 in Ice Magic
 33373 | Snake:2  | Identified the +7 mace "Beastslayer" {speed, rElec Will+
                  | Str-2 Dex+4}
 33418 | Snake:2  | Reached skill level 11 in Conjurations
 33522 | Snake:2  | Reached skill level 1 in Earth Magic
 33630 | Snake:2  | Reached skill level 9 in Spellcasting
 33967 | Snake:2  | Reached skill level 2 in Earth Magic
 34301 | Snake:2  | Received a gift from Sif Muna
 34302 | Snake:2  | Reached skill level 3 in Earth Magic
 34302 | Snake:2  | Got Qalulyw's Compendium of Battle Magic {god gift}
 34781 | Snake:3  | Noticed Vashnia
 35014 | Snake:3  | Reached skill level 5 in Shields
 35095 | Snake:3  | Found a runed translucent gate.
 35095 | Snake:3  | Found a runed translucent gate.
 35100 | Snake:3  | Found a runed translucent gate.
 35110 | Snake:3  | Reached skill level 4 in Earth Magic
 35256 | Snake:3  | Reached skill level 5 in Earth Magic
 35261 | Snake:3  | Reached skill level 7 in Armour
 35578 | Snake:3  | Found Ocol Lia's Jewellery Boutique.
 35585 | Snake:3  | Bought the ring of Rivimno {Contam rPois rC++ AC+4 Int+3}
                  | for 1177 gold pieces
 36074 | Snake:3  | Killed Vashnia
 36075 | Snake:3  | Reached skill level 6 in Earth Magic
 36078 | Snake:3  | Reached skill level 6 in Shields
 36195 | Snake:3  | Reached skill level 14 in Fighting
 36751 | Swamp:1  | Entered Level 1 of the Swamp
 36985 | Swamp:1  | Received a gift from Sif Muna
 36986 | Swamp:1  | Got Sif Muna's Incunabulum of Attacks {god gift}
 37251 | Swamp:1  | Reached XP level 18. HP: 146/146 MP: 11/31
 37364 | Swamp:1  | Reached skill level 7 in Earth Magic
 37789 | Swamp:1  | Learned a level 5 spell: Fireball
 37846 | Swamp:2  | Acquired the +6 tower shield of Kesid {rC+ rN+ Will+}
 37871 | Swamp:2  | Reached skill level 10 in Spellcasting
 37929 | Swamp:2  | Noticed Roxanne
 37984 | Swamp:2  | Found a shimmering altar of Xom.
 38299 | Swamp:2  | Reached skill level 8 in Armour
 38299 | Swamp:2  | Reached skill level 7 in Shields
 38865 | Swamp:2  | Found a runed translucent gate.
 38955 | Swamp:2  | Reached skill level 6 in Fire Magic
 39144 | Swamp:2  | Reached skill level 1 in Evocations
 39214 | Swamp:2  | Found a runed translucent gate.
 39214 | Swamp:2  | Found a runed translucent gate.
 39216 | Swamp:2  | Noticed Zachydoop's ghost (journeyman DsGl)
 39269 | Swamp:2  | Killed Zachydoop's ghost
 39269 | Swamp:2  | Received a gift from Sif Muna
 39270 | Swamp:2  | Got Sif Muna's Guide on Changing {god gift}
 39449 | Swamp:3  | Reached skill level 8 in Shields
 39983 | Swamp:3  | Reached skill level 2 in Evocations
 40294 | Swamp:4  | Entered Level 4 of the Swamp
 40458 | Swamp:4  | Noticed Mlioglotl
 40494 | Swamp:4  | Noticed a lich
 40497 | Swamp:4  | Killed Mlioglotl
 40498 | Swamp:4  | Reached skill level 7 in Fire Magic
 40891 | Swamp:4  | Reached skill level 9 in Shields
 41447 | Swamp:4  | Noticed the 27-headed Lernaean hydra
 41449 | Swamp:4  | Killed the 27-headed Lernaean hydra
 41450 | Swamp:4  | Reached skill level 12 in Conjurations
 41450 | Swamp:4  | Reached skill level 3 in Evocations
 41469 | Swamp:4  | Received a gift from Sif Muna
 41527 | Swamp:4  | Reached XP level 19. HP: 148/153 MP: 5/33
 41660 | Swamp:4  | Got Sif Muna's Incunabulum of the Raven {god gift}
 41929 | Swamp:4  | Got a decaying rune of Zot
 42377 | Snake:4  | Entered Level 4 of the Snake Pit
 42436 | Snake:4  | Reached skill level 8 in Fire Magic
 42443 | Snake:4  | Reached skill level 10 in Shields
 42455 | Snake:4  | Reached skill level 4 in Evocations
 43098 | Snake:4  | Found Kicsemitz's Book Shop.
 43570 | Snake:4  | Reached skill level 11 in Shields
 43589 | Snake:4  | Reached skill level 5 in Evocations
 43613 | Snake:4  | Learned a level 5 spell: Yara's Violent Unravelling
 43830 | Snake:4  | Got a serpentine rune of Zot
 44275 | Elf:1    | Entered Level 1 of the Elven Halls
 44501 | Elf:1    | Received a gift from Sif Muna
 44506 | Elf:1    | Got Sif Muna's Reference Book on the Arsonist and the Birds
                  | {god gift}
 45606 | Elf:1    | Reached skill level 9 in Fire Magic
 45729 | Elf:1    | Reached skill level 12 in Shields
 45729 | Elf:1    | Noticed a Hell Sentinel
 45730 | Elf:1    | Reached XP level 20. HP: 161/161 MP: 17/34
 45734 | Elf:1    | Reached skill level 7 in Hexes
 45736 | Elf:1    | Reached skill level 6 in Evocations
 45749 | Elf:1    | Reached skill level 15 in Fighting
 45974 | Elf:1    | Found a runed translucent gate.
 45974 | Elf:1    | Found a runed translucent gate.
 45974 | Elf:1    | Found a runed translucent gate.
 45974 | Elf:1    | Found a runed translucent gate.
 45974 | Elf:1    | Found a runed translucent gate.
 45977 | Elf:1    | Found a runed translucent gate.
 46468 | Elf:2    | Reached skill level 10 in Ice Magic
 46468 | Elf:2    | Reached ****** piety under Sif Muna
 46680 | Elf:2    | Found a runed translucent gate.
 46690 | Elf:2    | Found a runed translucent gate.
 46690 | Elf:2    | Found a runed translucent gate.
 46719 | Elf:2    | Found Iklyirr's Armour Boutique.
 46752 | Elf:2    | Received a gift from Sif Muna
 46754 | Elf:2    | Got Sif Muna's Papyrus of Moulding {god gift}
 47963 | Elf:2    | Reached skill level 13 in Shields
 48258 | Elf:2    | Reached skill level 8 in Hexes
 48535 | Elf:3    | Entered Level 3 of the Elven Halls
 48564 | Elf:3    | Found a frozen archway.
 48568 | IceCv    | Entered an ice cave
 48656 | IceCv    | Reached skill level 7 in Evocations
 49138 | IceCv    | Identified the ring of Xavvy {rN+ Int+2}
 49146 | IceCv    | Identified the ring of Mungeli {rF- Str+6 Int+5 Slay+4
                  | Stlth+}
 49204 | IceCv    | Received a gift from Sif Muna
 49214 | IceCv    | Got Myc Moytz's Volume of the Frigorific Entourage {god
                  | gift}
 49223 | IceCv    | Identified the +8 long sword "Timupusi" {freeze, Dex+3}
 49542 | Elf:3    | Got the Collected Works on Dislocation
 49543 | Elf:3    | Found Varhoroo's Book Emporium.
 49902 | Elf:3    | Found a radiant altar of Vehumet.
 50213 | Elf:3    | Reached XP level 21. HP: 169/169 MP: 11/35
 50218 | Elf:3    | Learned a level 4 spell: Passage of Golubria
 50517 | Elf:3    | Reached skill level 13 in Conjurations
 50527 | Elf:3    | Reached skill level 1 in Translocations
 50527 | Elf:3    | Reached skill level 10 in Fire Magic
 50532 | Elf:3    | Received a gift from Sif Muna
 50533 | Elf:3    | Got Sif Muna's Almanac of Ice {god gift}
 50573 | Elf:3    | Reached skill level 14 in Shields
 50576 | Elf:3    | Reached skill level 7 in Air Magic
 51221 | Elf:3    | Reached skill level 9 in Hexes
 51247 | Elf:3    | Identified the +7 scythe of the Vestibule of Hell {vorpal,
                  | rElec MP+9 Dex+2}
 51283 | Elf:3    | Reached skill level 2 in Translocations
 51283 | Elf:3    | Reached skill level 8 in Evocations
 51413 | Elf:3    | Identified the +7 glaive "Jeasudo" {freeze, Int+4}
 52023 | Vaults:1 | Entered Level 1 of the Vaults
 52034 | Vaults:1 | Reached skill level 3 in Stealth
 52203 | Vaults:1 | Reached skill level 4 in Stealth
 52686 | Vaults:1 | Received a gift from Sif Muna
 52690 | Vaults:1 | Reached skill level 5 in Stealth
 52690 | Vaults:1 | Reached skill level 3 in Translocations
 52691 | Vaults:1 | Got Sif Muna's Compendium of Blistering Sinister Arts {god
                  | gift}
 52943 | Vaults:1 | Reached skill level 16 in Fighting
 52949 | Vaults:1 | Reached skill level 15 in Shields
 53538 | Vaults:2 | Reached skill level 6 in Stealth
 54040 | Vaults:2 | Reached XP level 22. HP: 163/178 MP: 25/36
 54186 | Vaults:2 | Reached skill level 7 in Stealth
 54186 | Vaults:2 | Reached skill level 10 in Hexes
 54186 | Vaults:2 | Reached skill level 9 in Evocations
 54195 | Vaults:2 | Reached skill level 4 in Translocations
 54213 | Vaults:2 | Reached skill level 8 in Stealth
 54222 | Vaults:2 | HP: 15/178 [ironbound frostheart/creeping frost (19)]
 54406 | Vaults:2 | Received a gift from Sif Muna
 54649 | Vaults:2 | Reached skill level 9 in Stealth
 54934 | Vaults:2 | Reached skill level 5 in Translocations
 55788 | Vaults:3 | Received a gift from Sif Muna
 55917 | Vaults:3 | Got Sif Muna's Tome of Necromancy and Ice {god gift}
 56005 | Vaults:3 | Reached skill level 14 in Conjurations
 56006 | Vaults:3 | Reached skill level 11 in Spellcasting
 56180 | Vaults:3 | Noticed a curse skull
 56196 | Vaults:3 | Killed a curse skull
 57063 | Vaults:3 | Reached skill level 17 in Fighting
 57351 | Vaults:3 | Received a gift from Sif Muna
 57356 | Vaults:3 | Got Sif Muna's Tome of the Supportive Glacier {god gift}
 57502 | Vaults:3 | Found a staircase to the Crypt.
 57573 | Vaults:3 | Reached skill level 12 in Spellcasting
 57738 | Vaults:4 | Reached XP level 23. HP: 175/188 MP: 15/39
 57972 | Vaults:4 | Found Kot Keuh's Assorted Antiques.
 58459 | Vaults:4 | Reached skill level 13 in Spellcasting
 58521 | Vaults:4 | Received a gift from Sif Muna
 59398 | Vaults:4 | Identified the +2 cloak "Haarapena" {Regen+ MP+9 Int-4}
 59399 | Vaults:4 | Acquired the +8 frozen axe "Frostbite" {freezing cloud,
                  | *Noise Fly rC+}
 59399 | Vaults:4 | Found the +8 frozen axe "Frostbite" {freezing cloud, *Noise
                  | Fly rC+}
 59916 | Vaults:1 | Learned a level 6 spell: Iron Shot
 60069 | Depths:1 | Entered Level 1 of the Depths
 60120 | Depths:1 | Found a flickering gateway to a bazaar.
 60124 | Bazaar   | Entered a bazaar
 60202 | Bazaar   | Found Lefae's Jewellery Shop.
 60216 | Bazaar   | Found Tush's Book Emporium.
 60259 | Bazaar   | Found Calurat's Assorted Antiques.
 60273 | Bazaar   | Found Ynwaur's Antique Weapon Shoppe.
 60288 | Bazaar   | Found Bun Tydo's Weapon Shop.
 60354 | Bazaar   | Bought a scroll of acquirement for 1664 gold pieces
 60354 | Bazaar   | Acquired the ring "Heototik" {Wiz rPois rN+ rCorr Stlth+}
 60600 | Depths:1 | Received a gift from Sif Muna
 60603 | Depths:1 | Got Sif Muna's Reference Book on Frigorific Necromancy {god
                  | gift}
 60897 | Depths:1 | Reached skill level 8 in Earth Magic
 61173 | Depths:1 | Reached skill level 15 in Conjurations
 61407 | Depths:1 | Found a gateway to Hell.
 61492 | Depths:1 | Reached skill level 18 in Fighting
 61492 | Depths:1 | Reached skill level 14 in Spellcasting
 61666 | Depths:1 | Reached skill level 9 in Earth Magic
 62171 | Depths:2 | Found a one-way gate leading to the halls of Pandemonium.
 62301 | Depths:2 | Found a broken altar of Ashenzari.
 62462 | Depths:2 | Received a gift from Sif Muna
 62476 | Depths:2 | Reached XP level 24. HP: 173/197 MP: 14/41
 62795 | Depths:2 | Found a stormy altar of Qazlal.
 62815 | Depths:2 | Reached skill level 6 in Translocations
 62971 | Depths:2 | Reached skill level 10 in Earth Magic
 63166 | Depths:2 | Found a one-way gate to the infinite horrors of the Abyss.
 63415 | Depths:2 | Received a gift from Sif Muna
 63570 | Depths:2 | Identified the +0 cloak of Generosity {Rampage}
 63655 | Depths:2 | Identified the +1 ring mail of Serendipity {Stlth+}
 64280 | Depths:3 | Found a hide-covered altar of Uskayaw.
 64409 | Depths:3 | Found Utzuqoik's Book Shoppe.
 64420 | Depths:3 | Found Qucux's Jewellery Boutique.
 64424 | Depths:3 | Found Vasy's Book Shoppe.
 64712 | Depths:3 | Reached skill level 9 in Armour
 65095 | Depths:3 | Reached skill level 15 in Spellcasting
 65095 | Depths:3 | Reached skill level 11 in Earth Magic
 65221 | Depths:3 | Found a hide-covered altar of Uskayaw.
 65551 | Depths:3 | Received a gift from Sif Muna
 65556 | Depths:3 | Got Sif Muna's Almanac of Icy Ignition {god gift}
 65652 | Depths:4 | Entered Level 4 of the Depths
 65660 | Depths:4 | Reached skill level 13 in Axes
 66430 | Depths:4 | Reached skill level 7 in Translocations
 66567 | Depths:4 | Found a glowing silver altar of Zin.
 66664 | Depths:4 | Reached XP level 25. HP: 140/206 MP: 22/42
 66667 | Depths:4 | Reached skill level 12 in Earth Magic
 66787 | Depths:4 | Found a white marble altar of Elyvilon.
 67096 | Depths:4 | Found a one-way gateway to a ziggurat.
 67237 | Depths:4 | Found a gate to the Realm of Zot.
 67852 | Crypt:1  | Entered Level 1 of the Crypt
 67885 | Crypt:1  | Noticed a curse skull
 67888 | Crypt:1  | Killed a curse skull
 68501 | Crypt:1  | Received a gift from Sif Muna
 68509 | Crypt:1  | Reached skill level 10 in Armour
 68786 | Crypt:1  | Got Sif Muna's Volume of the Traveller and Flight {god
                  | gift}
 69240 | Crypt:1  | Reached skill level 14 in Axes
 69543 | Crypt:1  | Reached skill level 8 in Translocations
 69849 | Crypt:1  | Found an ancient bone altar of Kikubaaqudgha.
 70788 | Crypt:2  | Received a gift from Sif Muna
 70808 | Crypt:2  | Reached skill level 15 in Axes
 71231 | Crypt:3  | Entered Level 3 of the Crypt
 72122 | Crypt:3  | Received a gift from Sif Muna
 72378 | Crypt:3  | Reached skill level 16 in Axes
 72751 | Crypt:3  | Found a staircase to the Tomb.
 72990 | Crypt:3  | Noticed an ancient lich
 72995 | Crypt:3  | Killed an ancient lich
 73276 | Crypt:3  | Reached XP level 26. HP: 213/213 MP: 28/42
 73468 | Crypt:3  | Received a gift from Sif Muna
 73563 | Crypt:3  | Reached skill level 17 in Axes
 73774 | Crypt:3  | Noticed a curse skull
 73780 | Crypt:3  | Killed a curse skull
 75074 | Vaults:5 | Entered Level 5 of the Vaults
 75472 | Depths:2 | Voluntarily entered the Abyss.
 76863 | Abyss:3  | Gained mutation: Armour fits poorly on your strangely
                  | shaped body. [a neqoxec]
 77609 | Abyss:3  | Found a broken altar of Ashenzari.
 77865 | Depths:2 | You pass through the gate.
 77865 | Depths:2 | Escaped the Abyss
 77873 | Depths:2 | Lost mutation: Armour fits poorly on your strangely shaped
                  | body. [potion of mutation]
 77873 | Depths:2 | Gained mutation: You sometimes lose the ability to read
                  | scrolls when taking damage. [potion of mutation]
 77873 | Depths:2 | Gained mutation: Armour fits poorly on your strangely
                  | shaped body. [potion of mutation]
 77874 | Depths:2 | Lost mutation: You sometimes lose the ability to read
                  | scrolls when taking damage. [potion of mutation]
 77874 | Depths:2 | Lost mutation: Armour fits poorly on your strangely shaped
                  | body. [potion of mutation]
 78494 | Vaults:4 | Reached skill level 18 in Axes
 78658 | Vaults:4 | Learned a level 6 spell: Statue Form
 78665 | Vaults:4 | Reached skill level 19 in Fighting
 78803 | Vaults:4 | Received a gift from Sif Muna
 79022 | Vaults:5 | Reached skill level 10 in Stealth
 79022 | Vaults:5 | Reached skill level 16 in Conjurations
 79269 | Vaults:5 | Identified the amulet "Feaghico" {Reflect rCorr Int+2 Dex+4
                  | SH+5}
 79405 | Vaults:5 | Identified a +1 buckler of resistance
 79738 | Vaults:5 | Reached skill level 11 in Stealth
 79759 | Vaults:5 | Reached skill level 13 in Earth Magic
 79848 | Vaults:5 | Reached skill level 11 in Armour
 80104 | Vaults:5 | Received a gift from Sif Muna
 80107 | Vaults:5 | Got Sif Muna's Disquisition on Freezing Companions {god
                  | gift}
 80328 | Vaults:5 | Reached skill level 12 in Stealth
 80896 | Vaults:5 | Identified the ring "Itupt" {Fly Str-5 Int+6 SInv Stlth+}
 81076 | Vaults:5 | Reached skill level 12 in Transmutations
 81274 | Vaults:5 | Reached XP level 27. HP: 222/222 MP: 24/42
 81534 | Vaults:5 | Reached skill level 13 in Stealth
 81696 | Vaults:5 | Identified the +4 falchion "Reci" {pain, rN+ Dex+3}
 81718 | Vaults:5 | Identified the +1 plate armour of Muja {+Inv rF+ Str-2
                  | Int+2}
 81727 | Vaults:5 | Identified the +5 trident "Daperesme" {flame, Int+3}
 81858 | Vaults:5 | Found Uhiatad's Jewellery Boutique.
 81899 | Vaults:5 | Noticed Margery
 81905 | Vaults:5 | Identified the +9 trident "Ifojug" {vorpal, Str+7}
 81912 | Vaults:5 | Killed Margery
 82114 | Vaults:5 | Got a silver rune of Zot
 83135 | Zot:1    | Entered Level 1 of the Realm of Zot
 83432 | Zot:1    | Reached skill level 12 in Armour
 83691 | Zot:1    | Reached skill level 14 in Stealth
 83975 | Zot:1    | Reached skill level 14 in Earth Magic
 84000 | Zot:1    | Reached skill level 20 in Fighting
 84310 | Zot:2    | HP: 24/291 [ettin (45)]
 84310 | Zot:2    | HP: 5/291 [ettin (19)]
 84311 | Zot:2    | Mangled by a tentacled monstrosity

Vanquished Creatures
  An ancient lich (Crypt:3)
  Vashnia (Snake:3)
  Saint Roka (Orc:2)
  2 golden dragons
  2 bone dragons (Abyss:2)
  3 deep elf blademasters
  Mlioglotl (Swamp:4)
  6 tentacled monstrosities
  4 quicksilver dragons
  6 liches
  3 titans
  6 tentacled starspawn (Abyss:3)
  5 ancient champions
  2 Executioners (Abyss:3)
  2 death cobs (Zot:1)
  8 tengu reavers
  7 sphinxes
  6 storm dragons
  9 shadow dragons
  5 nagarajas
  5 revenants
  4 draconian monks
  20 vault wardens
  The ghost of Zachydoop the Severer, a journeyman DsGl of Ru (Swamp:2)
  2 iron dragons
  10 deep elf sorcerers
  8 frost giants
  4 draconian knights
  5 orc warlords
  9 fire giants
  A cacodemon (Abyss:2)
  3 draconian scorchers
  A spriggan defender (Depths:2)
  5 deep elf elementalists
  11 ghouls
  3 curse skulls
  11 ironbound preservers
  18 very ugly things
  27 stone giants
  An ophan (Abyss:3)
  4 draconian annihilators (Zot:1)
  7 war gargoyles
  A reaper (Abyss:3)
  5 green draconians
  A black draconian (Zot:1)
  3 bunyips
  4 ironbound thunderhulks
  7 vampire knights
  8 deep elf annihilators
  2 entropy weavers
  4 purple draconians
  9 dire elephants
  2 red draconians
  2 yellow draconians (Depths:4)
  9 deep elf demonologists
  7 spark wasps
  7 white draconians
  Snorg (D:14)
  A shambling mangrove (Swamp:3)
  4 green deaths
  4 eidola
  13 yaktaur captains
  Josephine (D:11)
  12 ettins
  9 deep elf high priests
  9 fire dragons
  7 deep elf death magi
  13 great orbs of eyes
  10 jiangshi
  10 naga warriors
  A peacekeeper (Vaults:2)
  Fannar (Lair:3)
  2 rakshasas
  6 boulder beetles
  2 ice dragons (shapeshifter)
  3 spriggan air magi
  12 ironbound frosthearts
  A spriggan zombie (Crypt:3)
  A quicksilver dragon skeleton (Crypt:2)
  6 ice dragons
  3 ogre magi
  7 salamander tyrants
  A caustic shrike simulacrum (Crypt:2)
  A juggernaut simulacrum (Crypt:2)
  A spriggan skeleton (Crypt:2)
  A ghost crab (Swamp:2)
  31 vault guards
  23 hydras
  Erica (D:8)
  16 centaur warriors
  32 dancing weapons
  A merfolk avatar (Lair:6)
  8 two-headed ogres
  8 anacondas
  10 vampire magi
  7 alligators
  6 death yaks
  3 tengu warriors
  5 deep troll shamans
  8 deep troll earth magi
  A titan zombie (Abyss:3)
  3 orc high priests (Orc:2)
  9 naga sharpshooters
  6 hell hogs
  13 thrashing horrors
  A soul eater (Crypt:1)
  6 spriggan berserkers
  15 hell knights
  9 shock serpents
  Urug (Lair:1)
  A storm dragon skeleton (Vaults:3)
  A titan skeleton (Crypt:2)
  7 spriggans
  3 sun demons
  12 wretched stars
  22 deep elf knights
  A shadow wraith (Vaults:4)
  A quicksilver dragon simulacrum (Abyss:3)
  6 sixfirhies
  8 iron trolls
  26 skeletal warriors
  2 spatial maelstroms (Abyss:3)
  2 goliath frogs
  3 sea snakes (Lair:6)
  7 salamander mystics
  42 deep trolls
  15 starcursed masses
  2 spriggan druids
  20 swamp dragons
  4 glowing orange brains
  13 flayed ghosts
  A death drake (Swamp:1)
  4 naga ritualists
  A harpy (Lair:6)
  A shadow demon (Abyss:3)
  2 tengu zombies
  A bunyip skeleton (Crypt:3)
  5 bog bodies
  17 wizards
  13 deep elf archers
  23 ironbound convokers
  A lindwurm (Vaults:1)
  13 necromancers
  2 orange crystal statues
  22 phantasmal warriors
  Pikel (D:4)
  26 deep elf pyromancers
  26 deep elf zephyrmancers
  10 mana vipers
  12 orc knights
  A sphinx zombie (Crypt:1)
  A shadow dragon skeleton (Crypt:3)
  4 manticores
  A frost giant zombie (D:15)
  8 orc sorcerers
  6 cyclopes
  2 stone giant zombies
  An iron dragon zombie (D:15)
  51 ugly things
  3 will-o-the-wisps
  A naga zombie (Crypt:3)
  4 worldbinders
  4 moths of wrath (Zot:1)
  An eleionoma zombie (Crypt:2)
  20 salamanders
  An ice statue (Abyss:2)
  2 guardian serpents (Snake:4)
  33 black mambas
  5 gargoyles
  13 naga magi
  16 elephants
  3 apocalypse crabs
  A guardian serpent (shapeshifter) (Vaults:4)
  A dire elephant zombie (Crypt:3)
  An eye of devastation (shapeshifter) (Elf:3)
  8 smoke demons
  A rust devil (Depths:2)
  5 fire giant skeletons (Crypt:3)
  An elf zombie (Vaults:3)
  A hellion (Depths:1)
  21 vault sentinels
  13 cane toads
  2 unseen horrors
  A green draconian zombie (Crypt:2)
  5 orange demons (Abyss:3)
  An efreet (Abyss:3)
  2 demonic crawlers
  A kobold demonologist (Abyss:3)
  43 yaktaurs
  6 storm dragon simulacra (IceCv)
  9 komodo dragons
  Psyche (D:11)
  10 rime drakes
  A guardian mummy (D:15)
  A red draconian zombie (Crypt:2)
  4 tengu conjurers
  5 hellwings
  2 ice devils
  6 freezing wraiths
  3 polar bears
  5 harpy zombies
  4 trolls
  3 golden dragon simulacra (IceCv)
  15 ancient zymes
  An elf skeleton (Vaults:3)
  3 meliai (D:15)
  A bloated husk (Swamp:3)
  A grey draconian skeleton (Crypt:2)
  9 hornets
  A harpy skeleton (Crypt:3)
  A tarantella (shapeshifter) (Abyss:3)
  10 tyrant leeches
  2 wind drakes (Lair:6)
  11 blink frogs
  18 raiju
  A dream sheep (shapeshifter) (Vaults:5)
  7 dream sheep (Lair:4)
  30 slime creatures
  An ettin zombie (Crypt:2)
  A stone giant simulacrum (Vaults:4)
  A human simulacrum (Vaults:4)
  3 flying skulls (Crypt:1)
  A culicivora (shapeshifter) (Elf:3)
  4 vampires (Crypt:3)
  3 air elementals
  11 shadows
  11 fire dragon skeletons (Crypt:3)
  19 small abominations
  14 wraiths
  5 ynoxinuls
  30 large abominations
  3 wyverns
  2 chaos spawn
  34 yaks
  2 fire bats (Abyss:2)
  A redback (shapeshifter) (Depths:4)
  A basilisk (Lair:3)
  4 water elementals
  4 fire elementals
  An ice dragon skeleton (Crypt:1)
  2 steam dragons
  18 humans (D:13)
  A black mamba skeleton (Crypt:3)
  3 redbacks (Vaults:2)
  A neqoxec (Abyss:3)
  21 vampire mosquitoes
  9 wargs
  35 nagas
  A yaktaur simulacrum (Vaults:4)
  A spatial vortex (Abyss:3)
  17 swamp worms
  A warg (shapeshifter) (Vaults:5)
  A deep troll zombie (Crypt:2)
  3 floating eyes
  29 water moccasins
  A black bear (Lair:2)
  23 orc warriors
  A hell hound (Abyss:3)
  An ice beast (Abyss:3)
  11 swamp drakes
  4 necrophages
  2 sky beasts
  6 ice dragon simulacra (IceCv)
  A boggart (D:13)
  6 wolves (Orc:1)
  14 ogres
  7 centaurs
  An elephant skeleton (Crypt:1)
  12 bullfrogs
  2 gnoll sergeants (D:8)
  A wyvern zombie (D:7)
  A draconian skeleton (Crypt:1)
  2 earth elementals
  A scorpion (D:5)
  A cane toad simulacrum (D:11)
  A water moccasin skeleton (D:4)
  A wyvern skeleton (D:6)
  6 lindwurm simulacra (IceCv)
  A swamp dragon simulacrum (Crypt:2)
  2 electric eels
  5 howler monkeys
  2 bullfrog zombies
  4 centaur zombies
  4 quasits
  A centaur skeleton (D:7)
  2 hounds
  A gnoll shaman (D:10)
  13 orc priests
  2 bullfrog skeletons (D:5)
  An iron imp (Abyss:3)
  5 jellies
  2 iguanas
  An iguana (shapeshifter) (Abyss:3)
  26 orc wizards
  A hell rat (Sewer)
  A killer bee zombie (D:7)
  A dwarf zombie (Crypt:1)
  A tengu skeleton (Crypt:1)
  A howler monkey zombie (D:5)
  A howler monkey skeleton (D:7)
  14 gnolls
  2 river rats (Sewer)
  A swamp drake skeleton (Crypt:2)
  7 adders
  3 shadow imps
  6 white imps
  4 ufetubi
  An iguana zombie (Crypt:1)
  2 worms (D:6)
  2 dart slugs
  88 orcs
  9 endoplasms
  3 giant cockroaches
  13 goblins
  5 hobgoblins
  5 jackals (D:1)
  A quokka (D:1)
  2 ball pythons (D:1)
  A bat (D:3)
  5 frilled lizards
  A goblin skeleton (Crypt:1)
  7 kobolds
  8 rats
  2 lurking horrors (Abyss:3)
  8 starspawn tentacles (Abyss:3)
2199 creatures vanquished.

Vanquished Creatures (collateral kills)
  the Lernaean hydra (Swamp:4)
  A hydra (Swamp:4)
  A dancing weapon (Elf:1)
  2 swamp dragons (Swamp:4)
  A will-o-the-wisp (Swamp:1)
  A fire elemental (Elf:1)
  An earth elemental (Elf:1)
8 creatures vanquished.

Vanquished Creatures (others)
  Margery (Vaults:5)
  A draconian knight (Zot:1)
  A yaktaur captain (Vaults:5)
  A vault guard (Vaults:5)
  A deep elf pyromancer (Elf:1)
  A deep elf zephyrmancer (Elf:1)
  A blink frog (Abyss:3)
  A naga (Snake:4)
  2 small abominations (Abyss:3)
  An ufetubus (Abyss:3)
  A dart slug (D:5)
  18 foxfires
  64 fungi
  87 plants
  17 starspawn tentacles (Abyss:3)
  21 withered plants
219 creatures vanquished.

Grand Total: 2426 creatures vanquished

Table legend: (Time is in decaauts)
 A = Elapsed time spent in this place.
 B = Non-inter-level travel time spent in this place.
 C = Inter-level travel time spent in this place.
 D = Time resting spent in this place.
 E = Time spent auto-exploring this place.
 F = Levels seen in this place.
 G = Mean time per level.
                   A        B        C        D        E       F      G
               +--------+--------+--------+--------+--------+-----+--------+
         Total |  85873 |  78849 |   7024 |  25273 |  29818 |  55 | 1561.3 |
       Dungeon |  23514 |  20538 |   2976 |   5993 |   9858 |  15 | 1567.6 |
        Temple |    118 |     85 |     33 |      0 |     75 |   1 |  118.0 |
          Lair |   6893 |   6100 |    793 |    911 |   3250 |   6 | 1148.8 |
         Swamp |   5815 |   5658 |    157 |   2528 |    821 |   4 | 1453.8 |
     Snake Pit |   6853 |   6533 |    320 |   2072 |   2374 |   4 | 1713.2 |
  Orcish Mines |   2547 |   2277 |    270 |    342 |   1097 |   2 | 1273.5 |
   Elven Halls |   6870 |   6693 |    177 |   2574 |   2356 |   3 | 2290.0 |
        Vaults |  14259 |  12641 |   1618 |   5185 |   4106 |   5 | 2851.8 |
         Crypt |   6141 |   6083 |     58 |   2174 |   2132 |   3 | 2047.0 |
        Depths |   7808 |   7192 |    616 |   1902 |   3521 |   4 | 1952.0 |
           Zot |   1179 |   1177 |      2 |    704 |      0 |   2 |  589.5 |
         Abyss |   2449 |   2449 |      0 |    308 |      0 |   3 |  816.3 |
        Bazaar |    375 |    375 |      0 |      0 |    185 |   1 |  375.0 |
         Sewer |    307 |    307 |      0 |    202 |      0 |   1 |  307.0 |
      Ice Cave |    737 |    737 |      0 |    377 |     42 |   1 |  737.0 |
               +--------+--------+--------+--------+--------+-----+--------+

Top non-repeatable levels by time:
Vaults:4: 4186 daAuts
Vaults:5: 3295 daAuts
 Crypt:3: 2677 daAuts
   Elf:2: 2501 daAuts
Vaults:2: 2445 daAuts
Depths:2: 2403 daAuts
 Crypt:1: 2255 daAuts
    D:15: 2243 daAuts
   Elf:1: 2239 daAuts
Vaults:3: 2217 daAuts
   Elf:3: 2129 daAuts
Vaults:1: 2114 daAuts
 Snake:3: 1927 daAuts
    D:10: 1925 daAuts
 Swamp:4: 1922 daAuts

Table legend:
 A = Non-vault XP
 B = Vault XP
 C = Vault XP percentage of total XP
 D = Non-vault monster count
 E = Vault monster count
 F = Vault count percentage of total count
                 A         B        C        D         E       F
            +---------+---------+-------+---------+---------+-------
      Total |  604224 |  515955 |  46.1 |    1413 |     791 |  35.9
            +---------+---------+-------+---------+---------+-------
        D:1 |      65 |       0 |   0.0 |      26 |       0 |   0.0
        D:2 |      39 |       0 |   0.0 |      11 |       0 |   0.0
        D:3 |      55 |       0 |   0.0 |      11 |       0 |   0.0
        D:4 |     480 |     617 |  56.2 |      19 |       1 |   5.0
        D:5 |     889 |     658 |  42.5 |      14 |       5 |  26.3
        D:6 |     190 |      12 |   5.9 |       6 |       3 |  33.3
        D:7 |    1094 |       0 |   0.0 |      24 |       0 |   0.0
        D:8 |    2331 |     839 |  26.5 |      23 |       1 |   4.2
        D:9 |     314 |     651 |  67.5 |       4 |       4 |  50.0
       D:10 |    2016 |     341 |  14.5 |      22 |       1 |   4.3
       D:11 |    3851 |    2565 |  40.0 |      12 |       9 |  42.9
       D:12 |    9109 |       0 |   0.0 |      20 |       0 |   0.0
       D:13 |    4440 |    9548 |  68.3 |      19 |      29 |  60.4
       D:14 |    7126 |     951 |  11.8 |      15 |       1 |   6.2
       D:15 |   18230 |    4806 |  20.9 |      40 |       8 |  16.7
     Lair:1 |    8629 |     773 |   8.2 |      31 |       1 |   3.1
     Lair:2 |    6887 |       0 |   0.0 |      29 |       0 |   0.0
     Lair:3 |    1467 |     876 |  37.4 |       7 |       1 |  12.5
     Lair:4 |    7519 |    2691 |  26.4 |      22 |      10 |  31.2
     Lair:5 |    4988 |     140 |   2.7 |      16 |       8 |  33.3
     Lair:6 |   17100 |    9086 |  34.7 |      35 |      21 |  37.5
    Swamp:1 |   12639 |       0 |   0.0 |      29 |       0 |   0.0
    Swamp:2 |   12964 |   11571 |  47.2 |      23 |      17 |  42.5
    Swamp:3 |   10064 |       0 |   0.0 |      20 |       0 |   0.0
    Swamp:4 |    8056 |   16885 |  67.7 |      18 |      25 |  58.1
    Snake:1 |    4732 |       0 |   0.0 |       8 |       0 |   0.0
    Snake:2 |   19592 |    1227 |   5.9 |      34 |       2 |   5.6
    Snake:3 |   12974 |   13105 |  50.3 |      26 |      17 |  39.5
    Snake:4 |   18431 |   18622 |  50.3 |      37 |      33 |  47.1
      Orc:1 |    2418 |    1199 |  33.1 |      15 |      10 |  40.0
      Orc:2 |    2719 |    9473 |  77.7 |      22 |      72 |  76.6
      Elf:1 |   27445 |    9968 |  26.6 |      46 |      29 |  38.7
      Elf:2 |   11713 |   27126 |  69.8 |      17 |      35 |  67.3
      Elf:3 |   16733 |   35472 |  67.9 |      28 |      32 |  53.3
   Vaults:1 |   30230 |   13496 |  30.9 |      48 |      17 |  26.2
   Vaults:2 |   20596 |   27339 |  57.0 |      31 |      37 |  54.4
   Vaults:3 |   31663 |   15763 |  33.2 |      50 |      20 |  28.6
   Vaults:4 |   37377 |   46249 |  55.3 |      54 |      48 |  47.1
   Vaults:5 |   21781 |   88892 |  80.3 |      24 |      85 |  78.0
    Crypt:1 |   31227 |   13819 |  30.7 |      45 |      16 |  26.2
    Crypt:2 |   26816 |       0 |   0.0 |      40 |       0 |   0.0
    Crypt:3 |     183 |   50010 |  99.6 |       1 |      81 |  98.8
   Depths:1 |   39479 |    3019 |   7.1 |      53 |       5 |   8.6
   Depths:2 |   23137 |   35204 |  60.3 |      28 |      39 |  58.2
   Depths:3 |   24802 |   10085 |  28.9 |      29 |      10 |  25.6
   Depths:4 |   23820 |   19198 |  44.6 |      28 |      18 |  39.1
      Zot:1 |   35814 |    2427 |   6.3 |      32 |       1 |   3.0
    Abyss:1 |       0 |       0 |   N/A |       3 |       0 |   0.0
    Abyss:2 |       0 |       0 |   N/A |      45 |       1 |   2.2
    Abyss:3 |       0 |       0 |   N/A |     173 |       4 |   2.3
      Sewer |       0 |      63 | 100.0 |       0 |       6 | 100.0
      IceCv |       0 |   11189 | 100.0 |       0 |      28 | 100.0
            +---------+---------+-------+---------+---------+-------
